 Dungeon Sprint DCSS version 0.27.0-1-g7a089689b8 (webtiles) character file.

Game seed: 4564599331133836774

5124 styxcanada the Imperceptible (level 10, -1/53 HPs)
             Began as a Spriggan Brigand on Aug 17, 2021.
             Was an Initiate of Gozag.
             Slain by a spriggan rider (25 damage)
             ... in the Dungeon (Sprint IV: "Fedhas' Mad Dash").
             The game lasted 00:07:38 (1072 turns).

styxcanada the Imperceptible (Spriggan Brigand)     Turns: 1072, Time: 00:07:38

Health: -1/53      AC:  3    Str:  7    XL:     10   Next: 32%
Magic:  11/11      EV: 26    Int: 12    God:    Gozag
Gold:   1972       SH:  8    Dex: 21    Spells: 9/9 levels left

rFire    . . .     SeeInvis +   a - +2 dagger
rCold    . . .     Faith    .   p - +0 buckler
rNeg     . . .     Spirit   .   b - +0 robe
rPois    .         Reflect  .   (helmet restricted)
rElec    .         Harm     .   c - +0 cloak
rCorr    .         Rampage  .   (gloves unavailable)
Will     +....     NoTele   +   (boots unavailable)
Stlth    +++++++++.             m - amulet of invisibility {+Inv}
HPRegen  0.17/turn              (no ring)
MPRegen  0.12/turn              (no ring)

@: gold aura, very slightly contaminated, invisible, very quick
A: very small, no large weapons, unfitting armour, see invisible, speed 3
a: Renounce Religion, Evoke Invisibility, Potion Petition, Call Merchant, Bribe
Branch


You were in the Dungeon.
You worshipped Gozag.
Gozag was most pleased with you.
You visited 1 branch You collected 2130 gold pieces.
You spent 158 gold pieces at shops.

Inventory:

Hand Weapons
 a - a +2 dagger (weapon)
Missiles
 d - 4 poisoned darts (quivered)
 e - 2 curare-tipped darts
 l - 93 stones
Armour
 b - a +0 robe (worn)
 c - a +0 cloak (worn)
 p - a +0 buckler (worn)
Jewellery
 m - the amulet of invisibility (around neck) {+Inv}
   (You found it in the Dungeon)

   [amulet of nothing]

   +Inv:      It lets you turn invisible.
Wands
 o - a wand of iceblast (1)
Scrolls
 j - a scroll of magic mapping
 k - a scroll of blinking
 n - a scroll of immolation
 s - 2 scrolls of vulnerability
Potions
 f - a potion of curing
 g - a potion of heal wounds
 h - a potion of haste
 i - 2 potions of magic
 q - a potion of invisibility {unknown}
 u - a potion of brilliance


   Skills:
 * Level 6.9 Fighting
 + Level 6.2 Short Blades
 + Level 4.9 Throwing
 * Level 10.6 Dodging
 * Level 23.7 Stealth
 * Level 5.1 Shields
 * Level 12.2 Evocations


You had 9 spell levels left.
You didn't know any spells.
Your spell library contained the following spells:

 Spells                   Type           Power      Damage    Failure   Level
 Corona                   Hex            0%         N/A       36%         1
 Ensorcelled Hibernation  Hex/Ice        0%         N/A       50%         2
 Tukima's Dance           Hex            0%         N/A       75%         3


Dungeon Overview and Level Annotations

Branches:
Dungeon (1/1)

Altars:
Cheibriados
Dithmenos
Elyvilon
Gozag
Hepliaklqana
Kikubaaqudgha
Makhleb
Nemelex Xobeh
Okawaru
Qazlal
Ru
Sif Muna
Trog
Uskayaw
Vehumet
Wu Jian
Xom
Yredelemnul
Zin
The Shining One
Beogh
Jiyva
Lugonu

Shops:
D [*:(=[


Innate Abilities, Weirdness & Mutations

You are very small and have problems with some larger weapons.
You are too small for most types of armour.
You have supernaturally acute eyesight. (SInv)
You cover ground extremely quickly. (Speed+++)


Message History

The curare-tipped dart closely misses you.
The spriggan rider throws a curare-tipped dart.
The curare-tipped dart barely misses you.
There is an open door here.
Throw: 8 darts (poison)
Press: ? - help, Q - select action, (/) - cycle Shift-Dir - straight line, f - spriggan
Aim: a spriggan, wielding a +0 dagger, wearing a +0 robe and wearing a +2 buckler (44% to hit)
You throw a poisoned dart.
The poisoned dart barely misses the spriggan.
There is an open door here.
You see here a +0 hand axe.
Throw: 7 darts (poison)
Press: ? - help, Q - select action, (/) - cycle Shift-Dir - straight line, f/p - spriggan
Aim: a spriggan, wielding a +0 dagger, wearing a +0 robe and wearing a +2 buckler (44% to hit)
You throw a poisoned dart. The poisoned dart hits the spriggan!
The spriggan is poisoned.
The spriggan completely misses you.
Throw: 6 darts (poison)
Press: ? - help, Q - select action, (/) - cycle Shift-Dir - straight line, f/p - spriggan
Aim: a spriggan, wielding a +0 dagger, wearing a +0 robe and wearing a +2 buckler (lightly wounded, very poisoned, 44% to hit)
You throw a poisoned dart. The poisoned dart hits the spriggan!
The spriggan looks as sick as possible!
The spriggan is lightly wounded.
The spriggan hits you with a +0 dagger.
Aiming: Iceblast
Press: ? - help, Shift-Dir - straight line, f/p - spriggan
Aim: a spriggan, wielding a +0 dagger, wearing a +0 robe and wearing a +2 buckler (lightly wounded, extremely poisoned)
The mass of ice explodes!
The iceblast engulfs the spriggan rider!
The spriggan rider is moderately wounded.
The iceblast engulfs the spriggan!!
You kill the spriggan!
Throw: 5 darts (poison)
Press: ? - help, Q - select action, (/) - cycle Shift-Dir - straight line, f - spriggan rider
Aim: a spriggan rider, wielding a +0 spear and quivering curare-tipped darts (moderately wounded, 44% to hit)
You throw a poisoned dart.
The poisoned dart barely misses the spriggan rider.
The spriggan rider hits you from afar with a +0 spear!!
You die...
Your body crumbles into a pile of gold.

###########################***
._._._._.⌠.#..'.))#....##∩#*,*
_._._._._..'..#...#....'.)##+#
._._._._...#..###'##...##∩#$$####
_._._._._..#..##∩∩.'...#####....#
._._._._.⌠.#################...∩#
################.....(###.....♣.#
♣♣♣..♣[###.'..'.@.i$.)(('..$♣..∩#
...♣..♣##..#..#.P.....###########
♣♣♣.♣).###.##+##.P....#
..♣...♣'...#*,*########
############,,,,,**** ,,,*
***,,*,,*,,,,***
,,,*****,,,*,,,,,,*,,,****
,,,,,,,,,,,,*,,,,,∩,∩,,,,*
,,,,,*********************


You could see a spriggan rider.

Vanquished Creatures
  A spriggan druid (D)
  6 oklob plants (D)
  A demonic crawler (D)
  3 burning bushes (D)
  A queen bee (D)
  3 wandering mushrooms (D)
  3 scorpions (D)
  4 killer bees (D)
  5 oklob saplings (D)
  4 spriggans (D)
  A river rat (D)
  A rat (D)
  A ballistomycete spore (D)
34 creatures vanquished.

Vanquished Creatures (others)
  A fungus (D)
1 creature vanquished.

Grand Total: 35 creatures vanquished

Notes
Turn   | Place    | Note
-------+----------+-------------------------------------------
     0 | D        | styxcanada the Spriggan Brigand began the quest for the
                  | Orb.
     0 | D        | Reached XP level 1. HP: 10/10 MP: 2/2
    21 | D        | Reached skill level 8 in Stealth
    21 | D        | Reached XP level 2. HP: 15/15 MP: 3/3
    43 | D        | Noticed an oklob sapling
    45 | D        | Killed an oklob sapling
    46 | D        | Reached skill level 9 in Stealth
    46 | D        | Reached XP level 3. HP: 18/18 MP: 4/4
    47 | D        | Noticed a scorpion
    48 | D        | Found the amulet of invisibility {+Inv}
    49 | D        | Killed a scorpion
    50 | D        | Reached skill level 12 in Stealth
    50 | D        | Reached XP level 4. HP: 23/23 MP: 5/5
    77 | D        | Found an opulent altar of Gozag.
    77 | D        | Found a hazy altar of Hepliaklqana.
    77 | D        | Found a burning altar of Makhleb.
    77 | D        | Found a sparkling altar of Nemelex Xobeh.
    77 | D        | Found a snail-covered altar of Cheibriados.
    77 | D        | Found a sacrificial altar of Ru.
    77 | D        | Found a shimmering blue altar of Sif Muna.
    77 | D        | Found a shimmering altar of Xom.
    77 | D        | Found a basalt altar of Yredelemnul.
    78 | D        | Found a viscous altar of Jiyva.
    78 | D        | Found a bloodstained altar of Trog.
    78 | D        | Found an ornate altar of the Wu Jian Council.
    79 | D        | Found an iron altar of Okawaru.
    79 | D        | Found a shadowy altar of Dithmenos.
    79 | D        | Found a glowing silver altar of Zin.
    80 | D        | Found an ancient bone altar of Kikubaaqudgha.
    80 | D        | Found a hide-covered altar of Uskayaw.
    81 | D        | Found a stormy altar of Qazlal.
    81 | D        | Found a white marble altar of Elyvilon.
    81 | D        | Found a glowing golden altar of the Shining One.
    82 | D        | Became a worshipper of Gozag Ym Sagoz the Greedy
    83 | D        | Found a corrupted altar of Lugonu.
    83 | D        | Found a radiant altar of Vehumet.
    87 | D        | Reached skill level 13 in Stealth
    87 | D        | Reached skill level 1 in Evocations
    87 | D        | Reached XP level 5. HP: 28/28 MP: 3/6
   134 | D        | Reached skill level 5 in Dodging
   140 | D        | Reached skill level 14 in Stealth
   141 | D        | Reached skill level 15 in Stealth
   143 | D        | Reached XP level 6. HP: 33/33 MP: 5/7
   176 | D        | Found Xuff's Assorted Antiques.
   176 | D        | Found Neuklat's Armour Emporium.
   183 | D        | Bought a scroll labelled XINAL LECREPS for 20 gold pieces
   183 | D        | Bought a scroll labelled ENUQIM VUITEY for 20 gold pieces
   183 | D        | Bought 3 scrolls labelled IDIOXK OFACKA for 60 gold pieces
   183 | D        | Bought a scroll labelled XINAL LECREPS for 20 gold pieces
   183 | D        | Bought a scroll labelled YWANAD HASI for 20 gold pieces
   183 | D        | Bought an inky potion for 18 gold pieces
   318 | D        | Noticed a burning bush
   318 | D        | Noticed a wandering mushroom
   319 | D        | Noticed a wandering mushroom
   323 | D        | Killed a wandering mushroom
   324 | D        | Reached skill level 17 in Stealth
   324 | D        | Reached skill level 1 in Shields
   324 | D        | Reached skill level 5 in Evocations
   324 | D        | Killed a wandering mushroom
   325 | D        | Reached skill level 18 in Stealth
   325 | D        | Reached XP level 7. HP: 12/38 MP: 5/8
   345 | D        | Killed a burning bush
   346 | D        | Reached skill level 5 in Fighting
   346 | D        | Reached XP level 8. HP: 19/43 MP: 7/9
   370 | D        | Found Mudgh's Weapon Emporium.
   370 | D        | Found Xuovuhio's Book Shoppe.
   594 | D        | Reached skill level 19 in Stealth
   600 | D        | Noticed a queen bee
   607 | D        | Killed a queen bee
   663 | D        | Noticed an oklob plant
   666 | D        | Killed an oklob plant
   667 | D        | Reached skill level 5 in Short Blades
   667 | D        | Reached skill level 20 in Stealth
   674 | D        | Noticed a burning bush
   677 | D        | Killed a burning bush
   678 | D        | Reached XP level 9. HP: 48/48 MP: 8/10
   733 | D        | Noticed a burning bush
   733 | D        | Noticed an oklob plant
   734 | D        | Noticed a wandering mushroom
   742 | D        | Killed an oklob plant
   743 | D        | Reached skill level 21 in Stealth
   746 | D        | Killed a wandering mushroom
   752 | D        | Killed a burning bush
   753 | D        | Reached skill level 22 in Stealth
   753 | D        | Reached skill level 10 in Evocations
   881 | D        | Noticed a spriggan druid
   883 | D        | Killed a spriggan druid
   918 | D        | Noticed an oklob plant conjurer
   919 | D        | Killed an oklob plant conjurer
   996 | D        | Noticed an oklob plant
   996 | D        | Noticed an oklob plant summoner
   997 | D        | Noticed an oklob plant shifter
  1001 | D        | Killed an oklob plant
  1002 | D        | Reached skill level 10 in Dodging
  1002 | D        | Reached skill level 23 in Stealth
  1002 | D        | Reached XP level 10. HP: 53/53 MP: 8/11
  1003 | D        | Killed an oklob plant summoner
  1006 | D        | Killed an oklob plant shifter
  1007 | D        | Reached skill level 5 in Shields
  1045 | D        | Noticed a spriggan rider
  1046 | D        | Found Huody's Jewellery Emporium.
  1050 | D        | Found Pumok's Armour Shoppe.
  1072 | D        | Slain by a spriggan rider

Illustrated notes

Levels and vault maps discovered:
D:        dungeon_sprint_fedhas [sprint_temple]

Skill      XL: |  1  2  3  4  5  6  7  8  9 10 |
---------------+-------------------------------+-----
Dodging        | 2 3 4 5 7 8 10 | 10.6
Stealth        | 8 9 12 13 15 18 20 23 | 23.7
Fighting       | 2 3 4 5 6 |  6.9
Short Blades   | 3 4 5 6 |  6.2
Throwing       | 3 4 |  4.9
Evocations     | 1 3 5 6 8 11 12 | 12.2
Shields        | 2 3 4 5 |  5.1

Action                   |  1- 3 |  4- 6 |  7- 9 | 10-12 || total
-------------------------+-------+-------+-------+-------++-------
Melee: Dagger            |     6 |     8 |    37 |     6 ||    57
Throw: Dart              |     7 |       |     1 |     4 ||    12
 Abil: Evoke Invisibilit |       |     3 |     6 |     1 ||    10
Evoke: Wand              |       |       |     4 |     1 ||     5
  Use: Scroll            |       |     5 |       |       ||     5
       Potion            |       |       |     2 |       ||     2
 Stab: Sleeping          |     3 |     7 |    14 |     4 ||    28
       Invisible         |       |       |     2 |       ||     2
Armor: Robe              |     1 |       |       |     1 ||     2
Dodge: Dodged            |     4 |       |     3 |     5 ||    12
Block: Buckler           |       |       |     1 |     1 ||     2
